 Dungeon Crawl Stone Soup version 0.27.1-15-g792fb953b9 (webtiles) character file.

Game seed: 9375939399856795296

263 boopmooplesden the Twirler (level 5, -4/46 HPs)
             Began as a Minotaur Gladiator on Nov 21, 2021.
             Slain by Duvessa (9 damage)
             ... on level 4 of the Dungeon.
             The game lasted 00:05:15 (3714 turns).

boopmooplesden the Twirler (Minotaur Gladiator)     Turns: 3714, Time: 00:05:16

Health: -4/46      AC:  6    Str: 19    XL:     5   Next: 97%
Magic:  4/4        EV: 12    Int:  5    God:
Gold:   25         SH:  0    Dex: 12    Spells: 4/4 levels left

rFire    . . .     SeeInvis .   a - +1 quarterstaff
rCold    . . .     Faith    .   (shield currently unavailable)
rNeg     . . .     Spirit   .   m - +0 ring mail
rPois    .         Reflect  .   c - +1 hat
rElec    .         Harm     .   (no cloak)
rCorr    .         Rampage  .   (no gloves)
Will     .....                  (no boots)
Stlth    +.........             (no amulet)
HPRegen  0.15/turn              (no ring)
MPRegen  0.09/turn              (no ring)

@: no status effects
A: horns 2, retaliatory headbutt
a: no special abilities


You were on level 4 of the Dungeon.
You visited 1 branch of the dungeon, and saw 4 of its levels.

You collected 103 gold pieces.
You spent 78 gold pieces at shops.

Inventory:

Hand Weapons
 a - a +1 quarterstaff (weapon)
Missiles
 d - a throwing net (quivered)
 i - 2 javelins
Armour
 b - a +0 plate armour
 c - a +1 hat (worn)
 f - a +0 chain mail
 h - a +0 scale mail
 m - a +0 ring mail (worn)
Wands
 j - a wand of flame (25)
Scrolls
 k - a scroll of immolation {unknown}
 p - a scroll of amnesia
Potions
 g - a potion of invisibility {unknown}
 l - 4 potions of magic
 n - 4 potions of brilliance


   Skills:
 + Level 3.7 Fighting
 + Level 5.6 Staves
 + Level 2.1 Throwing
 + Level 3.0 Armour
 + Level 4.4 Dodging
 + Level 0.7 Stealth


You had 4 spell levels left.
You didn't know any spells.
Your spell library contained the following spells:

 Spells                   Type           Power      Damage    Failure   Level
 Ignite Poison            Fire/Tmut/Pois 0%         N/A       95%         3
 Mephitic Cloud           Conj/Pois/Air  0%         N/A       95%         3
 Bolt of Magma            Conj/Fire/Erth 0%         4d4       100%        5


Dungeon Overview and Level Annotations

Branches:
Dungeon (4/15)
 Temple: D:4-7

Altars:
Ashenzari
Cheibriados
Kikubaaqudgha

Shops:
D:2 (:(*

Annotations:
D:4 Dowan, Duvessa


Innate Abilities, Weirdness & Mutations

You have a pair of horns on your head.
You reflexively headbutt those who attack you in melee.


Message History

Duvessa drinks a potion.
Duvessa goes berserk!
The hobgoblin barely misses you. You furiously retaliate!
You headbutt the hobgoblin.
Dowan says, "Stay away from my face!"
Duvessa barely misses you.
Duvessa rages.
Duvessa hits you with a +0 short sword!
You closely miss Duvessa. Duvessa hits you with a +0 short sword.
You sock Duvessa!
Duvessa is moderately wounded.
Duvessa completely misses you. Duvessa barely misses you.
You furiously retaliate!
You headbutt Duvessa.
Throw: 2 throwing nets
Press: ? - help, Q - select action, (/) - cycle Shift-Dir - straight line, f - Duvessa
Aim: Duvessa, wielding a +0 short sword and wearing a +0 chain mail (moderately wounded, berserk, 70% to hit)
You throw a throwing net. The throwing net hits Duvessa.
Duvessa is caught in the net!
Duvessa is moderately wounded.
Duvessa struggles against the net.
You hit Duvessa but do no damage. You headbutt Duvessa, but do no damage.
Duvessa is moderately wounded.
Duvessa struggles against the net. x2
You hit Duvessa.
Duvessa is moderately wounded.
Duvessa struggles against the net.
The net rips apart, and Duvessa comes free!
You barely miss Duvessa. Your headbutt misses Duvessa.
Duvessa is moderately wounded.
Duvessa hits you with a +0 short sword!
Dowan casts a spell.
Dowan blinks!
Duvessa hits you with a +0 short sword!
* * * LOW HITPOINT WARNING * * *
You hit Duvessa but do no damage. You headbutt Duvessa.
Duvessa is moderately wounded.
Duvessa hits you with a +0 short sword.
* * * LOW HITPOINT WARNING * * *
You completely miss Duvessa.
Duvessa is moderately wounded.
Duvessa hits you with a +0 short sword!
You die...

#. #..##### #.....#
### #@# #.. ## #e#
#..≈ ≈≈
....###g########..#
≈≈≈
#.....§....#..)..#≈≈P≈
##.##.............P♣
#.............♣
#.............♣
..e..>..........♣
.......<.........♣♣≈


You could see Duvessa (berserk), Dowan and a hobgoblin.

Vanquished Creatures
  A scorpion (D:4)
  An iguana (D:3)
  Robin (D:2)
  4 gnolls (D:3)
  5 adders
  An ufetubus (D:4)
  3 dart slugs
  4 ball pythons
  7 endoplasms
  17 goblins
  3 hobgoblins
  4 quokkas
  7 bats
  7 frilled lizards
  8 kobolds
  4 rats
77 creatures vanquished.

Vanquished Creatures (others)
  2 plants (D:4)
2 creatures vanquished.

Grand Total: 79 creatures vanquished

Notes
Turn   | Place    | Note
-------+----------+-------------------------------------------
     0 | D:1      | boopmooplesden the Minotaur Gladiator began the quest for
                  | the Orb.
     0 | D:1      | Reached XP level 1. HP: 18/18 MP: 0/0
   332 | D:1      | Reached XP level 2. HP: 25/25 MP: 1/1
   603 | D:1      | Reached skill level 4 in Staves
   644 | D:1      | Found a faded altar of an unknown god.
   673 | D:1      | Reached skill level 1 in Armour
   947 | D:1      | Reached XP level 3. HP: 29/30 MP: 2/2
  1531 | D:2      | Found Ulyaj's Book Boutique.
  1843 | D:2      | Found Ivvou's Antique Weapon Emporium.
  1869 | D:2      | Noticed Robin
  1881 | D:2      | Killed Robin
  1882 | D:2      | Reached XP level 4. HP: 15/37 MP: 3/3
  2144 | D:2      | Found Bonuas's Assorted Antiques.
  2242 | D:2      | Found Fuprakk's Antique Weapon Shoppe.
  2744 | D:3      | Found a broken altar of Ashenzari.
  2854 | D:3      | Reached skill level 5 in Staves
  2857 | D:3      | Reached XP level 5. HP: 23/45 MP: 4/4
  3386 | D:2      | Bought a scroll labelled HASMER ETRAAXA for 26 gold pieces
  3386 | D:2      | Bought a scroll labelled DONADE AMYCKE for 26 gold pieces
  3386 | D:2      | Bought a scroll labelled CUNUN FAT BOU for 26 gold pieces
  3405 | D:4      | Noticed Duvessa
  3405 | D:4      | Noticed Dowan
  3492 | D:4      | Found an ancient bone altar of Kikubaaqudgha.
  3518 | D:4      | Found a snail-covered altar of Cheibriados.
  3714 | D:4      | Slain by Duvessa

Illustrated notes

Levels and vault maps discovered:
D:1:      heliophobic_arrival_battle_scene, layout_basic,
          chequers_ecumenical_altar_grove
D:2:      layout_basic, serial_shops, shop, nicolae_shop_behind_doors,
          nicolae_shop_crystal, nicolae_lakefront_shop, uniq_robin
D:3:      layout_rooms, ashenzari_conservatory_becter, bh_walls_and_bars
D:4:      layout_rooms, lemuel_doored_altar, nemelex_dance_club_becter,
          mainiacjoe_overflow_tiny_flanked, serial_bayou_lake_a, uniq_duvessa

Skill      XL: |  1  2  3  4  5 |
---------------+----------------+-----
Staves         | 4 5 |  5.6
Armour         | 1 2 3 |  3.0
Dodging        | 4 |  4.4
Fighting       | 3 |  3.7
Throwing       | |  2.1
Stealth        | |  0.7

Action                   |  1- 3 |  4- 6 || total
-------------------------+-------+-------++-------
Melee: Quarterstaff      |    97 |    84 ||   181
       Headbutt          |     5 |    16 ||    21
Throw: Throwing net      |     2 |     2 ||     4
  Use: Scroll            |       |    10 ||    10
 Stab: Held in net/web   |       |     1 ||     1
Armor: Leather armour    |    32 |     9 ||    41
       Ring mail         |       |    10 ||    10
Dodge: Dodged            |    61 |    50 ||   111
